 Dungeon Crawl Stone Soup version 0.32-a0-290-g598725c5f2 (webtiles) character file.

Game seed: 5579521060242494536

20101 TerritorialKavu the Unseen (level 12, 0/61 HPs)
             Began as a Spriggan Enchanter on Feb 13, 2024.
             Was an Elder of Lugonu.
             Constricted to death by Jorgrun (18 damage)
             ... on level 12 of the Dungeon.
             The game lasted 00:28:58 (12004 turns).

TerritorialKavu the Unseen (Spriggan Enchanter)    Turns: 12004, Time: 00:28:59

Health: 0/61       AC:  8    Str: 10    XL:     12   Next: 42%
Magic:  22/22      EV: 25    Int: 17    God:    Lugonu [****..]
Gold:   1279       SH:  0    Dex: 20    Spells: 18/23 levels left

rFire   . . .        V - +1 dagger (elec)
rCold   . . .        b - orb {guile}
rNeg    . . .        O - +0 acid dragon scales
rPois   +            r - +2 hat
rElec   .            (no cloak)
rCorr   +            (gloves unavailable)
SInv    +            (boots unavailable)
Will    .....        y - amulet of magic regeneration
Stlth   ++++++       S - +6 ring of strength
HPRegen 0.30/turn    P - ring of poison resistance
MPRegen 0.58/turn

%: no passive effects
@: grasped by roots, slowed, constricted, quick
A: very small, no large weapons, unfitting armour, see invisible, speed 3
a: Renounce Religion, Depart the Abyss, Banish, Corrupt


You were on level 12 of the Dungeon.
You worshipped Lugonu.
Lugonu was greatly pleased with you.
You visited 2 branches of the dungeon, and saw 13 of its levels.
You also visited: Ossuary.

You collected 1279 gold pieces.

Inventory:

Hand Weapons
 a - a +1 dagger
 w - the +10 quarterstaff of Wariness {drain, Fly rElec rN+ Int-3}
   (You found it on level 4 of the Dungeon)

   Int-3:     It affects your intelligence (-3).
   rElec:     It insulates you from electricity.
   rN+:       It protects you from negative energy.
   Fly:       It grants you flight.
 x - a +0 dagger of speed
 B - a +2 dagger of speed
 V - a +1 dagger of electrocution (weapon)
Missiles
 k - a throwing net {=f!f}
 D - 2 curare-tipped darts {=f}
Armour
 b - an orb of guile (worn)
 q - a +0 buckler
 r - a +2 hat (worn)
 F - +0 steam dragon scales
 O - +0 acid dragon scales (worn)
 Q - a +0 troll leather armour
Magical Staves
 A - a staff of fire {!a}
 L - the staff of Hatred {rElec Conj, !a}
   (You found it on level 9 of the Dungeon)

   [staff of conjuration]

   Base accuracy: +5 Base damage: 5 Base attack delay: 1.2 This weapon's minimum
   attack delay (0.6) is reached at skill level 12.
   rElec:     It insulates you from electricity.
   Conj:      It increases the power of your Conjurations spells.
   It falls into the 'Staves' category.
   It is a two-handed weapon.
Jewellery
 y - an amulet of magic regeneration (around neck)
 C - a ring of protection from cold
 E - a +5 ring of evasion
 P - a ring of poison resistance (right hand)
 R - a ring of resist corrosion
 S - a +6 ring of strength (left hand)
Talismans
 u - a storm talisman
Wands
 G - a wand of iceblast (3)
 K - a wand of acid (11)
 N - a wand of polymorph (11)
 U - a wand of flame (13)
Scrolls
 g - 3 scrolls of fog
 h - a scroll of noise {!r}
 i - 3 scrolls of revelation {unknown}
 l - 2 scrolls of teleportation {@r4}
 m - a scroll of amnesia
 n - 2 scrolls of enchant armour
 o - 6 scrolls of enchant weapon
 t - 3 scrolls of immolation {!r!r}
 H - 2 scrolls of poison
 J - a scroll of vulnerability {!r!r}
 T - a scroll of silence {!r!r}
 X - a scroll of fear
Potions
 c - 7 potions of curing {@q1}
 d - 5 potions of degeneration {unknown}
 e - 2 potions of lignification {unknown}
 f - 9 potions of might {unknown}
 j - a potion of cancellation {unknown}
 p - a potion of enlightenment {unknown}
 s - 2 potions of haste {unknown}
 v - 5 potions of heal wounds {unknown}
 z - 3 potions of brilliance {unknown}
 I - a potion of attraction {unknown}
 M - 2 potions of mutation {unknown}
 W - a potion of resistance {unknown}


   Skills:
 + Level 6.1 Fighting
 - Level 10.0 Short Blades
 - Level 15.0 Dodging
 + Level 15.1 Stealth
 - Level 6.0 Spellcasting
 - Level 10.0 Hexes


You had 18 spell levels left.
You knew the following spells:

 Your Spells              Type           Power      Damage    Failure   Level
c - Confusing Touch       Hex            39%        N/A       1%          3
e - Ensorcelled Hibernat  Hex/Ice        44%        N/A       4%          2

Your spell library contained the following spells:

 Spells                   Type           Power      Damage    Failure   Level
 Jinxbite                 Hex            78%        N/A       1%          2
 Tukima's Dance           Hex            39%        N/A       1%          3
 Dazzling Flash           Conj/Hex       44%        N/A       8%          3
 Apportation              Tloc           10%        N/A       21%         1
 Magic Dart               Conj           20%        1d4       21%         1
 Blink                    Tloc           10%        N/A       30%         2
 Call Imp                 Summ           10%        N/A       30%         2
 Mercury Vapours          Alch/Air       10%        N/A       30%         2
 Hailstorm                Conj/Ice       5%         3d5       52%         3
 Mephitic Cloud           Conj/Alch/Air  5%         N/A       52%         3
 Stone Arrow              Conj/Erth      10%        3d7       52%         3
 Summon Ice Beast         Ice/Summ       5%         N/A       52%         3
 Silence                  Hex/Air        11%        N/A       58%         5
 Animate Armour           Summ/Erth      10%        N/A       90%         4
 Vhi's Electric Charge    Tloc/Air       10%        N/A       90%         4
 Alistair's Intoxication  Alch           3%         N/A       99%         5
 Curse of Agony           Necr           5%         N/A       99%         5
 Sculpt Simulacrum        Ice/Alch       2%         N/A       100%        6
 Lehudib's Crystal Spear  Conj/Erth      2%         10d2      100%        8


Dungeon Overview and Level Annotations

Branches:
Dungeon (12/15)            Temple (1/1) D:6            Lair (0/5) D:9
    Orc (0/2) D:11        Ossuary (visited)

Altars:
Ashenzari
Cheibriados
Dithmenos
Elyvilon
Fedhas
Gozag
Hepliaklqana
Kikubaaqudgha
Makhleb
Nemelex Xobeh
Okawaru
Qazlal
Ru
Sif Muna
Trog
Uskayaw
Vehumet
Wu Jian
Xom
Yredelemnul
Zin
The Shining One
Lugonu

Shops:
D:6 :   D:11 *

Annotations:
D:8 2 transporters, gruber's ghost, novice VSFi
D:12 Gastronok; Jorgrun


Innate Abilities, Weirdness & Mutations

You are very small and have problems with some larger weapons.
You are too small for most types of armour.
You have supernaturally acute eyesight. (SInv)
You cover ground extremely quickly. (Speed+++)


Message History

You escape the roots' grasp.
The bat closely misses you.
The river rat attacks as it pursues you!
The river rat completely misses you.
The howler monkey hoots and howls with incredible vigour!
The quokka attacks as it pursues you! The quokka completely misses you.
Jorgrun gestures at you while chanting.
Roots burst forth from the earth!
The grasping roots grab you! The grasping roots constrict you!
You escape the roots' grasp.
There is a large open door here.
The bat hits you but does no damage. The bat completely misses you.
You hear a grinding noise.
The bat misses you.
The howler monkey hoots and howls with incredible vigour!
The river rat attacks as it pursues you!
The river rat misses you. The bat closely misses you.
Jorgrun says, "May tha earth consume ye!"
The bat misses you.
Jorgrun says, "Tha earth be me home, an' ye be trespassing!"
The bat misses you. The bat hits you but does no damage.
The howler monkey hoots and howls with incredible vigour!
The bat attacks as it pursues you! The bat completely misses you.
The bat misses you. Jorgrun casts a spell next to you.
The wall shatters!
The blast of rock fragments hits the bat!!
The bat dies!
The bat's corpse disappears in a puff of smoke!
The blast of rock fragments hits you!!
* * * LOW HITPOINT WARNING * * *
Things that are here:
a +0 dagger; a +0 dagger; a +0 robe You hear the loud crackling of a melting archway nearby.
You open the door.
The howler monkey hoots and howls with incredible vigour!
You hear a grinding noise.
You hear a grinding noise.
There is an open door here.
The howler monkey hoots and howls with incredible vigour!
The river rat attacks as it pursues you!
The river rat completely misses you. Jorgrun casts a spell at you.
Roots burst forth from the earth!
The grasping roots grab you! The grasping roots constrict you!!
You die...

###'###### #......#
#...)..<.# #......#
#........####......#
#........##. #.#...#####
#........#..##.....'...#
#........#
#).##...###.##
#........###>.##...#
#...
#........#r[##))...#
###.
#.....<.@r#.##.#...# ##
#........#...h))...#
#........##.#.....>#
###+###### #..##.###
##g..ยง##### #.........#
#.........#
#########.........#
.......#..h.......#


You could see Jorgrun, a howler monkey (catching breath), a river rat (summoned)
and a quokka (summoned).

Vanquished Creatures
  Rupert (D:12)
  Snorg (D:11)
  Josephine (D:12)
  2 two-headed ogres
  Nergalle (D:12)
  Lodul (D:11)
  A deep elf pyromancer (D:12)
  A manticore (D:11)
  A smoke demon (D:10)
  A gargoyle (D:12)
  Maggie (D:6)
  A kobold demonologist (D:12)
  A tengu conjurer (D:12)
  A hornet (D:7)
  3 trolls
  4 wraiths (D:12)
  A shadow (D:10)
  4 fire bats (D:10)
  A vampire (D:12)
  A fire elemental (D:10)
  29 yaks
  A basilisk (D:12)
  Menkaure (D:5)
  A hell hound (D:10)
  3 acid dragons
  3 water moccasins
  2 sky beasts
  An ice beast (D:6)
  5 orc warriors
  A black bear (D:4)
  8 ogres (D:11)
  3 centaurs
  3 elf zombies (Ossuary)
  3 kobold brigands
  2 bullfrogs
  2 scorpions (D:5)
  13 wights
  9 killer bees
  2 howler monkeys (D:12)
  2 lava snakes (D:10)
  2 centaur zombies (Ossuary)
  A human zombie (Ossuary)
  3 bombardier beetles (D:5)
  2 gnoll boudas (D:7)
  3 orc priests
  A jelly (D:5)
  3 sleepcaps
  5 iguanas
  13 orc wizards
  7 hound zombies
  2 hound skeletons (D:4)
  2 mummies (Ossuary)
  17 gnolls
  7 adders
  2 shadow imps
  A white imp (D:6)
  An adder skeleton (D:4)
  7 adder zombies (Ossuary)
  3 dart slugs
  A ribbon worm (D:3)
  56 orcs
  6 endoplasms
  6 giant cockroaches
  3 gnoll zombies (Ossuary)
  15 goblins
  12 hobgoblins
  14 jackals
  5 quokkas
  8 ball pythons
  4 bats
  4 frilled lizards
  6 jackal zombies (Ossuary)
  26 kobolds
  3 kobold zombies (Ossuary)
  7 orc zombies (Ossuary)
  4 rats
385 creatures vanquished.

Vanquished Creatures (others)
  A kobold (D:6)
1 creature vanquished.

Grand Total: 386 creatures vanquished

Notes
Turn   | Place    | Note
-------+----------+-------------------------------------------
     0 | D:1      | TerritorialKavu the Spriggan Enchanter began the quest for
                  | the Orb.
     0 | D:1      | Reached XP level 1. HP: 9/9 MP: 5/5
    73 | D:1      | Reached XP level 2. HP: 13/13 MP: 6/6
    76 | D:1      | Learned a level 2 spell: Ensorcelled Hibernation
   198 | D:1      | Found a faded altar of an unknown god.
   411 | D:1      | Reached XP level 3. HP: 13/16 MP: 4/8
  1125 | D:2      | Reached skill level 6 in Stealth
  1252 | D:2      | Reached skill level 3 in Short Blades
  1593 | D:2      | Reached XP level 4. HP: 21/21 MP: 6/9
  2396 | D:3      | Found a sparkling altar of Nemelex Xobeh.
  2573 | D:3      | Found an ornate altar of the Wu Jian Council.
  2645 | D:3      | Reached XP level 5. HP: 24/24 MP: 10/10
  3149 | D:4      | Reached XP level 6. HP: 19/28 MP: 3/11
  3166 | D:4      | Reached skill level 3 in Spellcasting
  3239 | D:4      | Found a sand-covered staircase.
  3369 | D:3      | Learned a level 3 spell: Confusing Touch
  3379 | D:4      | Reached XP level 7. HP: 21/32 MP: 6/14
  3436 | Ossuary  | Entered an ossuary
  3562 | Ossuary  | Reached skill level 6 in Hexes
  4306 | Ossuary  | Reached skill level 3 in Dodging
  4320 | Ossuary  | Reached skill level 1 in Fighting
  4320 | Ossuary  | Reached XP level 8. HP: 33/37 MP: 10/15
  4892 | D:4      | Identified the +10 quarterstaff of Wariness {drain, Fly
                  | rElec rN+ Int-3}
  5612 | D:5      | Entered Level 5 of the Dungeon
  5969 | D:5      | Reached skill level 3 in Fighting
  6033 | D:5      | Reached skill level 6 in Dodging
  6051 | D:5      | Noticed Menkaure
  6063 | D:5      | Killed Menkaure
  6150 | D:5      | Found a blossoming altar of Fedhas.
  6479 | D:5      | Found a broken altar of Ashenzari.
  6488 | D:5      | Found a stormy altar of Qazlal.
  6578 | D:6      | Noticed Maggie
  6581 | D:6      | Found a sacrificial altar of Ru.
  6581 | D:6      | Found Fuhuklesk's Book Shoppe.
  6657 | D:6      | Killed Maggie
  6658 | D:6      | Reached skill level 6 in Short Blades
  6658 | D:6      | Reached skill level 9 in Stealth
  6658 | D:6      | Reached XP level 9. HP: 44/44 MP: 14/16
  6658 | D:6      | Found a glowing silver altar of Zin.
  6775 | D:6      | Found a staircase to the Ecumenical Temple.
  6783 | Temple   | Entered the Ecumenical Temple
  6846 | Temple   | Became a worshipper of Lugonu the Unformed
  6877 | D:6      | Got the Annotations on Anemomancy and Pollution
  7012 | D:6      | Found a shimmering altar of Xom.
  7639 | D:7      | Reached * piety under Lugonu
  7921 | D:8      | Paralysed by a hornet for 2 turns
  7930 | D:7      | Reached skill level 12 in Stealth
  8178 | D:8      | Reached XP level 10. HP: 49/49 MP: 14/18
  8192 | D:8      | Reached skill level 6 in Spellcasting
  8414 | D:8      | Found a glowing golden altar of the Shining One.
  8424 | D:8      | Reached skill level 6 in Fighting
  8480 | D:8      | Reached skill level 9 in Hexes
  8482 | D:8      | Reached skill level 9 in Short Blades
  8585 | D:8      | Noticed a two-headed ogre
  8586 | D:8      | Noticed gruber's ghost (novice VSFi)
  8586 | D:8      | Noticed a moth of wrath
  8596 | D:8      | Found a transporter.
  8597 | D:8      | Found a bloodstained altar of Trog.
  8599 | D:8      | Noticed a two-headed ogre
  8606 | D:8      | Killed a two-headed ogre
  8644 | D:8      | Reached ** piety under Lugonu
  8650 | D:8      | Reached XP level 11. HP: 56/56 MP: 18/21
  8764 | D:8      | Found a bloodstained altar of Trog.
  8798 | D:8      | Found a transporter.
  8879 | D:9      | Found a staircase to the Lair.
  8905 | D:9      | Identified the staff of Hatred {rElec Conj}
  9016 | D:9      | Found an iron altar of Okawaru.
  9362 | D:10     | Entered Level 10 of the Dungeon
  9367 | D:10     | Found an ancient bone altar of Kikubaaqudgha.
  9554 | D:10     | Noticed a two-headed ogre
  9561 | D:10     | Killed a two-headed ogre
  9562 | D:10     | Reached skill level 9 in Dodging
 10235 | D:10     | Found a burning altar of Makhleb.
 10251 | D:10     | Reached *** piety under Lugonu
 10770 | D:11     | Found a staircase to the Orcish Mines.
 10941 | D:11     | Found Ruepaosch's General Store.
 11009 | D:11     | Noticed Snorg
 11015 | D:11     | Killed Snorg
 11069 | D:11     | Noticed Lodul
 11070 | D:11     | Reached skill level 15 in Stealth
 11142 | D:11     | Killed Lodul
 11142 | D:11     | Reached **** piety under Lugonu
 11143 | D:11     | Reached skill level 12 in Dodging
 11363 | D:12     | Noticed Josephine
 11366 | D:12     | Reached XP level 12. HP: 61/61 MP: 22/22
 11607 | D:12     | Killed Josephine
 11659 | D:12     | Noticed Nergalle
 11667 | D:12     | Killed Nergalle
 11692 | D:12     | Noticed Rupert
 11706 | D:12     | Killed Rupert
 11912 | D:12     | Reached skill level 15 in Dodging
 11961 | D:12     | Noticed Gastronok
 11976 | D:12     | Noticed Jorgrun
 12004 | D:12     | Constricted to death by Jorgrun

Illustrated notes

Levels and vault maps discovered:
D:1:      shiori_arrival_elements, layout_rooms,
          shapermc_ecumenical_altar_starsandcircs, serial_bayou_lagoon_a,
          chequers_serial_rivers_small_b
D:2:      layout_loops_cross, grunt_decor_one_mirror
D:3:      layout_basic, nzn_wu_jian_contemplation, nemelex_altar_shiori,
          minmay_between
D:4:      corexii_shantytown, layout_rooms,
          mainiacjoe_ossuary_entry_find_the_door
D:5:      layout_gridville, marbit_many_paths, amethyst_overflow_temple_binary,
          uniq_menkaure
D:6:      layout_rooms, jmf_multi_god_temple,
          mainiacjoe_overflow_six_doors_small, minmay_temple_entry_sparse_star,
          serial_shops, shop, uniq_maggie
D:7:      layout_basic
D:8:      layout_basic, nicolae_tso_swordbearing_angel, kennysheep_mini,
          gammafunk_ghost_wrathful_warriors, grunt_ministairs_7
D:9:      layout_rooms, kennysheep_okawaru_gauntlet, lair_entry_dummy,
          supply_closet_lemuel
D:10:     layout_rooms, amcnicky_altar_gilded, demons_altar,
          minmay_gold_behind_fungi, hangedman_incinerator
D:11:     layout_roguey, hiddenorc2_lemuel, serial_shops, shop, uniq_lodul,
          uniq_snorg
D:12:     layout_roguey, portal_ice_cave_demonic_guard,
          kennysheep_big_empty_room, st_stairs_7, uniq_nergalle, uniq_rupert,
          uniq_josephine, uniq_jorgrun, uniq_gastronok
Temple:   kb_corrupted_temple

Skill      XL: |  1  2  3  4  5  6  7  8  9 10 11 12 |
---------------+-------------------------------------+-----
Stealth        | 5 6 7 8 9 12 15 | 15.1
Short Blades   | 2 3 4 5 6 8 9 10 | 10.0
Spellcasting   | 4 5 6 |  6.0
Hexes          | 5 8 9 10 | 10.0
Dodging        | 3 8 12 15 | 15.0
Fighting       | 1 3 6 |  6.1

Action                     |  1- 3 |  4- 6 |  7- 9 | 10-12 || total
---------------------------+-------+-------+-------+-------++-------
  Melee: Dagger            |   101 |    98 |   674 |   268 ||  1141
   Cast: Ensorcelled Hiber |    28 |    35 |    77 |   129 ||   269
         Confusing Touch   |       |     1 |    46 |    20 ||    67
  Evoke: Wand              |       |       |       |     7 ||     7
    Use: Potion            |       |     4 |     4 |       ||     8
         Scroll            |       |       |     7 |     4 ||    11
   Stab: Sleeping          |    21 |    35 |    75 |   100 ||   231
         Invisible         |       |     3 |     3 |       ||     6
         Confused          |       |     1 |    39 |    17 ||    57
 Armour: Robe              |    31 |    45 |   111 |       ||   187
         Steam dragon scal |       |       |    45 |    12 ||    57
         Acid dragon scale |       |       |       |    44 ||    44
  Dodge: Dodged            |    95 |    99 |   505 |   195 ||   894
  Block: Buckler           |       |    14 |    88 |       ||   102

Table legend: (Time is in decaauts)
 A = Elapsed time spent in this place.
 B = Non-inter-level travel time spent in this place.
 C = Inter-level travel time spent in this place.
 D = Time resting spent in this place.
 E = Time spent auto-exploring this place.
 F = Levels seen in this place.
 G = Mean time per level.
                   A        B        C        D        E       F      G
               +--------+--------+--------+--------+--------+-----+--------+
         Total |   8983 |   8654 |    329 |   1242 |   5294 |  14 |  641.6 |
       Dungeon |   8066 |   7784 |    282 |   1001 |   4980 |  12 |  672.2 |
        Temple |     48 |      2 |     46 |      0 |      0 |   1 |   48.0 |
       Ossuary |    869 |    869 |      0 |    240 |    313 |   1 |  869.0 |
               +--------+--------+--------+--------+--------+-----+--------+

Top non-repeatable levels by time:
     D:4: 1099 daAuts
     D:2: 871 daAuts
 Ossuary: 869 daAuts
     D:3: 850 daAuts
    D:11: 843 daAuts
    D:10: 787 daAuts
     D:1: 713 daAuts
     D:5: 672 daAuts
     D:7: 647 daAuts
     D:8: 536 daAuts
     D:6: 394 daAuts
    D:12: 329 daAuts
     D:9: 319 daAuts
  Temple: 48 daAuts
